 Dungeon Crawl Stone Soup version 0.24.0-123-gd5b16e6ec5 (webtiles) character file.

Game seed: 15646139319467619402, levelgen mode: deterministic

505 Curus the Twirler (level 6, -1/44 HPs)
             Began as a Demonspawn Gladiator on Jan 8, 2020.
             Succumbed to a swamp dragon's poison gas
             ... on level 4 of the Dungeon.
             The game lasted 00:16:00 (3062 turns).

Curus the Twirler (Demonspawn Gladiator)            Turns: 3062, Time: 00:16:01

Health: -1/44      AC:  6    Str: 14    XL:     6   Next: 96%
Magic:  6/6        EV: 13    Int:  9    God:
Gold:   260        SH:  0    Dex: 17    Spells: 5/5 levels left

rFire    . . .     SeeInvis .   i - +3 quarterstaff (chaos)
rCold    . . .     Gourm    .   (shield currently unavailable)
rNeg     . . .     Faith    .   b - +0 leather armour
rPois    .         Spirit   .   c - +0 helmet
rElec    +         Reflect  .   j - +1 cloak
rCorr    .         Harm     .   (no gloves)
MR       +....                  (no boots)
Stlth    ++........             (no amulet)
HPRegen  0.14/turn              n - ring of protection from magic
MPRegen  0.10/turn              (no ring)

@: lethally poisoned (-1 -> -17)
A: hooves 1, demonic guardian 1, nightstalker 1, electricity resistance, no
potion heal 1
a: no special abilities


You were on level 4 of the Dungeon.
You were hungry.

You visited 1 branch of the dungeon, and saw 6 of its levels.

You collected 260 gold pieces.

Inventory:

Hand Weapons
 a - a +0 quarterstaff
 i - a +3 quarterstaff of chaos (weapon)
Missiles
 d - 3 throwing nets (quivered)
Armour
 b - a +0 leather armour (worn)
 c - a +0 helmet (worn)
 j - a +1 cloak (worn)
Jewellery
 n - a ring of protection from magic (left hand)
Scrolls
 e - 2 scrolls of amnesia
 g - a scroll of identify
 l - 2 scrolls of remove curse
Potions
 h - a potion of agility
 k - a potion of brilliance
Comestibles
 f - 9 rations


   Skills:
 - Level 2.0 Fighting
 + Level 7.3 Staves
 - Level 1.7 Throwing
 - Level 2.6 Dodging


You had 5 spell levels left.
You didn't know any spells.
Your spell library was empty.

Dungeon Overview and Level Annotations

Branches:
Dungeon (6/15)
 Temple: D:4-7

Altars:
Cheibriados

Annotations:
D:5 Prince Ribbit


Innate Abilities, Weirdness & Mutations

You have large cloven feet.
A weak demonic guardian rushes to your aid.
You are slightly more attuned to the shadows.
You are resistant to electric shocks. (rElec)
Potions are less effective at restoring your health.


Message History

You feel very sick.
There is a stone staircase leading up here.
There is a lethal amount of poison in your body!
* * * LOW HITPOINT WARNING * * *
You feel sick.
* * * LOW HITPOINT WARNING * * *
You feel very sick.
* * * LOW HITPOINT WARNING * * *
You feel sick.
* * * LOW HITPOINT WARNING * * *
You feel sick.
* * * LOW HITPOINT WARNING * * *
You feel sick.
* * * LOW HITPOINT WARNING * * *
You feel sick.
* * * LOW HITPOINT WARNING * * *
You feel sick.
* * * LOW HITPOINT WARNING * * *
You feel sick.
You die...

#.. # # #
######
......
###### #
##########
#
.......@.#
#
#######.#.#
# ##.## .#
.######
#######.##
.# .......
#.<....##
.. .####..
#.#####.# #
#... #. #.#
##.. #. #.#
##. #. #..
##


There were no monsters in sight!

Vanquished Creatures
  A scorpion (D:6)
  A hound (D:2)
  A bullfrog skeleton (D:4)
  Crazy Yiuf (D:2)
  Jessica (D:2)
  A worker ant (D:4)
  4 adders
  3 gnolls
  A worm (D:2)
  2 dart slugs
  2 leopard geckos
  2 orcs
  2 ball pythons
  6 bats
  8 giant cockroaches
  8 goblins
  11 hobgoblins
  12 jackals
  A quokka (D:2)
  6 frilled lizards
  3 kobolds
  8 rats
85 creatures vanquished.

Vanquished Creatures (collateral kills)
  Sigmund (D:3)
  A howler monkey (D:2)
  A gnoll (D:6)
  A giant cockroach (D:2)
  A quokka zombie (D:6)
  A rat (D:2)
6 creatures vanquished.

Grand Total: 91 creatures vanquished

Notes
Turn   | Place    | Note
-------+----------+-------------------------------------------
     0 | D:1      | Curus the Demonspawn Gladiator began the quest for the Orb.
     0 | D:1      | Reached XP level 1. HP: 16/16 MP: 1/1
   177 | D:1      | Reached skill level 3 in Staves
   187 | D:1      | You fall into a shaft and drop 1 floor!
   205 | D:2      | Gained mutation: A weak demonic guardian rushes to your
                  | aid. [demonic ancestry]
   205 | D:2      | Reached XP level 2. HP: 5/22 MP: 2/2
   638 | D:1      | Gained mutation: You are slightly more attuned to the
                  | shadows. [demonic ancestry]
   638 | D:1      | Reached XP level 3. HP: 26/27 MP: 3/3
   700 | D:1      | Reached skill level 4 in Staves
  1481 | D:2      | Reached XP level 4. HP: 33/33 MP: 4/4
  1535 | D:2      | Reached skill level 5 in Staves
  1592 | D:2      | Gained mutation: Potions are less effective at restoring
                  | your health. [potion of mutation]
  1592 | D:2      | Gained mutation: You are resistant to electric shocks.
                  | (rElec) [potion of mutation]
  1652 | D:2      | Noticed Jessica
  1656 | D:2      | Killed Jessica
  1656 | D:2      | Gained mutation: You have large cloven feet. [demonic
                  | ancestry]
  1656 | D:2      | Reached XP level 5. HP: 38/38 MP: 5/5
  2049 | D:2      | Found a runed translucent door.
  2050 | D:2      | Noticed Crazy Yiuf
  2150 | D:2      | Killed Crazy Yiuf
  2195 | D:3      | Noticed Sigmund
  2196 | D:3      | Found a snail-covered altar of Cheibriados.
  2200 | D:3      | Killed Sigmund
  2200 | D:3      | Reached skill level 6 in Staves
  2200 | D:3      | Reached XP level 6. HP: 34/44 MP: 6/6
  2339 | D:3      | You fall into a shaft and drop 3 floors!
  2385 | D:5      | Entered Level 5 of the Dungeon
  2385 | D:5      | Noticed Prince Ribbit
  2392 | D:5      | HP: 2/44 [Prince Ribbit (10)]
  2697 | D:4      | Reached skill level 7 in Staves
  3009 | D:3      | Noticed a glowing shapeshifter
  3009 | D:3      | an orc changed into a glowing shapeshifter
  3009 | D:3      | Noticed a slime creature
  3009 | D:3      | a glowing shapeshifter changed into a slime creature
  3044 | D:3      | Noticed a swamp dragon
  3052 | D:3      | Noticed a water nymph
  3052 | D:3      | a swamp dragon changed into a water nymph
  3060 | D:4      | HP: 2/44 [poisoned by a swamp dragon (poison gas)]
  3062 | D:4      | Succumbed to a swamp dragon's poison gas

Levels and vault maps discovered:
D:1:      enne_arrival_octagon_isle, layout_loops_corners
D:2:      layout_loops_corners, minmay_diced_spiral, uniq_jessica,
          uniq_crazy_yiuf_cottage
D:3:      layout_basic, lemuel_crystal_altar, chequers_ecumenical_altar_grove,
          uniq_sigmund
D:4:      layout_loops_ring, first_ration, minmay_misc_feat_enclosed,
          minmay_manual_mess
D:5:      layout_basic, minmay_temple_entry_crystal_x,
          nicolae_tso_carved_into_rock, uniq_prince_ribbit1
D:6:      layout_cave_pools

Skill      XL: |  1  2  3  4  5  6 |
---------------+-------------------+-----
Staves         | 3 4 5 6 7 |  7.3
Fighting       | |  2.0
Throwing       | |  1.7
Dodging        | |  2.6

Action                   |  1- 3 |  4- 6 || total
-------------------------+-------+-------++-------
Melee: Quarterstaff      |    98 |   117 ||   215
       Kick              |       |    23 ||    23
Throw: Throwing net      |     2 |       ||     2
  Use: Potion            |     5 |     4 ||     9
       Scroll            |     4 |     5 ||     9
 Stab: Sleeping          |     5 |     7 ||    12
       Petrified         |       |     3 ||     3
       Confused          |       |     1 ||     1
       Petrifying        |       |     1 ||     1
  Eat: Ration            |     1 |       ||     1
       Chunk             |       |     3 ||     3
Armor: Leather armour    |    23 |    14 ||    37
Dodge: Dodged            |    57 |    54 ||   111
